 Dungeon Crawl Stone Soup version 0.22.1-1-ga44c0e56f4 (webtiles) character file.

1676 Jynx the Transmogrifier (level 9, -1/53 HPs)
             Began as an Octopode Transmuter on Oct 24, 2018.
             Slain by a hippogriff (3 damage)
             ... on level 7 of the Dungeon.
             The game lasted 00:16:26 (8681 turns).

Jynx the Transmogrifier (Octopode Transmuter)       Turns: 8681, Time: 00:16:27

Health: -1/53      AC:  1    Str: 10    XL:     9   Next: 1%
Magic:  11/15      EV: 17    Int: 16    God:
Gold:   429        SH:  0    Dex: 16    Spells: 5/16 levels left

rFire    . . .     SeeInvis .     - Unarmed
rCold    . . .     Gourm    .   (shield currently unavailable)
rNeg     . . .     Faith    .   (helmet restricted)
rPois    .         Spirit   .   (no amulet)
rElec    .         Reflect  .   o - +2 ring of dexterity
rCorr    .         Harm     .   (no ring)
MR       .....                  (no ring)
Stlth    ++........             (no ring)
HPRegen  0.17/turn              (no ring)
MPRegen  0.14/turn              (no ring)
                                (no ring)
                                (no ring)

@: blade tentacles (expiring)
A: almost no armour, stealthy swim, amphibious, 8 rings, constrict 8, camouflage
1, gelatinous body 1
a: End Transformation


You were on level 7 of the Dungeon.
You were not hungry.
You had blades for tentacles.
You visited 1 branch of the dungeon, and saw 8 of its levels.

You collected 429 gold pieces.

Inventory:

Missiles
 a - 8 arrows
Jewellery
 o - a +2 ring of dexterity (left scythe-like blade)
Wands
 k - a wand of random effects (33)
Scrolls
 d - 4 scrolls of amnesia {unknown}
 e - 2 scrolls of teleportation {unknown}
 h - 9 scrolls of identify
 j - 3 scrolls of fear {unknown}
 m - a scroll of enchant armour {unknown}
 n - 2 scrolls of magic mapping
 p - a scroll of immolation {unknown}
 q - 2 scrolls of remove curse
 s - 3 scrolls of blinking
Potions
 b - a potion of flight {unknown}
 g - 3 potions of agility {unknown}
 i - a potion of curing {unknown}
 l - 2 potions of haste
Comestibles
 c - 10 rations


   Skills:
 - Level 1.0 Fighting
 + Level 6.2 Dodging
 - Level 3.0 Unarmed Combat
 - Level 4.1 Spellcasting
 * Level 8.7 Transmutations


You had 5 spell levels left.
You knew the following spells:

 Your Spells              Type           Power        Failure   Level  Hunger
a - Beastly Appendage     Tmut           ####..       12%         1    None
b - Sticks to Snakes      Tmut           ####....     13%         2    ##.....
c - Spider Form           Tmut/Pois      ###.......   43%         3    ###....
d - Blade Hands           Tmut           ####......   52%         5    ######.

Your spell library contained the following spells:

 Spells                   Type           Power        Failure   Level  Hunger
 Magic Dart               Conj           #...         58%         1    None
 Searing Ray              Conj           #.....       69%         2    ##.....
 Ice Form                 Ice/Tmut       ###.....     69%         4    ####...
 Dazzling Spray           Conj/Hex       #.....       85%         3    ###....
 Force Lance              Conj/Tloc      #.......     99%         4    ####...
 Fulminant Prism          Conj/Hex       #.........   99%         4    ####...
 Iskenderun's Mystic Bla  Conj           #.......     99%         4    ####...


Dungeon Overview and Level Annotations

Branches:
Dungeon (8/15)             Temple (0/1) D:4
   Lair: D:8-11

Altars:
Gozag
Okawaru
The Shining One

Annotations:
D:4 3 runed doors, highc0's ghost, amateur HaWr


Innate Abilities, Weirdness & Mutations

You cannot wear most types of armour.
You are very stealthy in the water. (Stealth+)
You are amphibious.
You can wear up to eight rings at the same time.
You can use your tentacles to constrict eight enemies at once.
Your skin changes colour to match your surroundings (Stealth+).
Your rubbery body absorbs attacks. (AC +1, EV +1)


Message History

The hippogriff bites you. The hippogriff closely misses you. x2
You are too injured to fight recklessly!
Evoke which item? (* to show all) (? for menu, Esc to quit)
Okay, then.
You hit the hippogriff but do no damage.
The hippogriff is moderately wounded.
The hippogriff misses you. The hippogriff pecks you! The hippogriff misses you.
You slice the hippogriff!!
The hippogriff is almost dead.
The hippogriff bites you.
* * * LOW HITPOINT WARNING * * *
The hippogriff pecks you.
* * * LOW HITPOINT WARNING * * *
The hippogriff barely misses you.
You hit the hippogriff. Your squeeze misses the hippogriff.
The hippogriff is almost dead.
The hippogriff bites you!
* * * LOW HITPOINT WARNING * * *
The hippogriff pecks you.
You die...

. #.." #. ...
#. ..#
###.###$.# .
#....(#..#....
#...........
###[#.......
#>#.......
#@####...#
#...YH.# ..#
#...#.### .#
.. ... # ...
#.... #.#.
#.#.


You could see a hippogriff and a sky beast.

Vanquished Creatures
  A hippogriff (D:8)
  Sigmund (D:5)
  A water moccasin (D:7)
  A sky beast (D:5)
  2 ogres (D:4)
  A phantom (D:5)
  A bullfrog (D:7)
  A scorpion (D:6)
  A centaur zombie (D:7)
  3 hounds
  5 orc priests
  2 orc wizards
  2 iguanas
  Ijyb (D:3)
  4 worker ants
  3 gnolls (D:4)
  2 adders
  2 oozes
  An adder zombie (D:6)
  An adder skeleton (D:5)
  3 worms
  2 dart slugs (D:1)
  2 leopard geckos
  24 orcs
  2 ball pythons
  3 giant cockroaches
  3 goblins (D:1)
  6 hobgoblins
  11 jackals
  A quokka (D:3)
  9 bats
  3 frilled lizards
  A jackal skeleton (D:4)
  9 kobolds
  2 quokka skeletons (D:6)
  3 rats
120 creatures vanquished.

Vanquished Creatures (collateral kills)
  A water moccasin (D:8)
  A jelly (D:4)
  An orc wizard (D:3)
  3 orcs
  A giant cockroach (D:3)
7 creatures vanquished.

Grand Total: 127 creatures vanquished

Notes
Turn   | Place    | Note
-------+----------+-------------------------------------------
     0 | D:1      | Jynx the Octopode Transmuter began the quest for the Orb.
     0 | D:1      | Reached XP level 1. HP: 13/13 MP: 3/3
   317 | D:1      | Reached XP level 2. HP: 17/18 MP: 3/5
   719 | D:1      | Reached XP level 3. HP: 22/23 MP: 6/6
  1062 | D:2      | Learned a level 2 spell: Sticks to Snakes
  1066 | D:2      | Learned a level 3 spell: Spider Form
  1180 | D:2      | Reached skill level 3 in Transmutations
  2088 | D:3      | Found an opulent altar of Gozag.
  2127 | D:3      | Reached XP level 4. HP: 25/28 MP: 2/7
  2437 | D:3      | Found an iron altar of Okawaru.
  2608 | D:3      | Reached XP level 5. HP: 33/33 MP: 7/9
  2938 | D:3      | Reached skill level 4 in Transmutations
  2947 | D:3      | Noticed Ijyb
  2960 | D:3      | Killed Ijyb
  3900 | D:4      | Noticed an ogre
  3908 | D:4      | Killed an ogre
  3908 | D:4      | Reached XP level 6. HP: 38/38 MP: 6/11
  4024 | D:4      | Found a runed gate.
  4024 | D:4      | Found a runed gate.
  4024 | D:4      | Found a runed gate.
  4024 | D:4      | Noticed highc0's ghost (amateur HaWr)
  4046 | D:4      | Found a staircase to the Ecumenical Temple.
  4443 | D:4      | Reached skill level 5 in Transmutations
  5060 | D:4      | Reached XP level 7. HP: 41/43 MP: 8/12
  5636 | D:5      | Entered Level 5 of the Dungeon
  5682 | D:5      | Reached skill level 6 in Transmutations
  5689 | D:5      | Learned a level 5 spell: Blade Hands
  5929 | D:4      | HP: 1/43 [acid (6)]
  6303 | D:5      | Noticed Sigmund
  6315 | D:5      | Killed Sigmund
  6315 | D:5      | Reached XP level 8. HP: 26/48 MP: 11/14
  6491 | D:5      | Found a glowing golden altar of the Shining One.
  6651 | D:5      | Reached skill level 5 in Dodging
  6651 | D:5      | Reached skill level 7 in Transmutations
  7614 | D:6      | You fall through a shaft for 2 floors!
  7923 | D:7      | Noticed a hippogriff
  8139 | D:7      | Reached skill level 8 in Transmutations
  8159 | D:8      | Killed a hippogriff
  8668 | D:7      | Noticed a hippogriff
  8673 | D:7      | Reached XP level 9. HP: 42/53 MP: 10/15
  8681 | D:7      | HP: 2/53 [hippogriff (9)]
  8681 | D:7      | Slain by a hippogriff

Skill      XL: |  1  2  3  4  5  6  7  8 |
---------------+-------------------------+-----
Transmutations | 3 4 5 6 8 |  8.7
Dodging        | 3 4 6 |  6.2
Spellcasting   | 3 4 |  4.1
Fighting       | |  1.0
Unarmed Combat | |  3.0

Action                   |  1- 3 |  4- 6 |  7- 9 || total
-------------------------+-------+-------+-------++-------
Melee: Unarmed           |    79 |   118 |   204 ||   401
       Constrict         |    21 |    19 |    18 ||    58
       Tentacles         |    14 |    10 |    15 ||    39
       Kick              |    16 |    15 |    20 ||    51
       Punch             |       |     1 |     2 ||     3
 Cast: Beastly Appendage |    20 |    12 |     9 ||    41
       Sticks to Snakes  |     3 |     6 |     7 ||    16
       Spider Form       |       |    10 |    14 ||    24
       Blade Hands       |       |       |     3 ||     3
  Use: Scroll            |     4 |       |     4 ||     8
       Potion            |       |       |     2 ||     2
 Stab: Sleeping          |     6 |     1 |     1 ||     8
  Eat: Chunk             |     4 |    11 |    11 ||    26
       Ration            |       |       |     1 ||     1
Armor: Skin              |    10 |     7 |     5 ||    22
Dodge: Dodged            |    60 |    74 |   226 ||   360
